[ AOE2 MATCH · #507048277 ]
UnrankedTeutons vs Britons
Player's team · WIN
Rival team · LOSS
[ REPLAY ANALYSIS · EXTRACTED FROM THE RECORDED GAME ]
Feudal
10:10
Castle
24:47
Imperial
33:09
| APM avg | 30.7 |
| APM peak | 60 |
| eAPM avg | 22.0 |
| Villagers / military | 154 / 21 |
Focus
⚔️ 32.9% · 🌾 67.1%
Spearman ×7 · Teutonic Knight ×5 · Trebuchet (Packed) ×4 · Monk ×2 · Mangonel ×2 · Scout Cavalry ×1
Feudal
11:21
Castle
16:20
Imperial
37:42
| APM avg | 25.8 |
| APM peak | 52 |
| eAPM avg | 16.2 |
| Villagers / military | 115 / 31 |
Focus
⚔️ 23.9% · 🌾 76.1%
Longbowman ×16 · Battering Ram ×6 · Mangonel ×5 · Knight ×2 · Spearman ×1 · Scout Cavalry ×1
Match map
Initial resources + every placement click. Lines = walls · curves = elevation contours. ◆ gold · ⬟ stone · ● berries · ✦ relic · ◌ wall gap
Your base· ✓ Closed at 24:47 · 15t walls · 3 gate(s)
Schlumpf's base· ✓ Closed at 16:20 · 6t walls · 2 gate(s)
Smoothed initial terrain · ◌ = detected wall gap · hover for details
Inputs per minute
— moneymickey - - Schlumpf
Build order — moneymickey
First 150 of 288 actions detected
| 0:02 | Queue | Villager (Male) |
| 0:02 | Queue | Villager (Male) |
| 0:03 | Build | House |
| 0:05 | Build | House |
| 0:32 | Queue | Villager (Male) |
| 1:00 | Queue | Villager (Male) |
| 1:32 | Queue | Villager (Male) |
| 1:51 | Build | Lumber Camp |
| 2:03 | Queue | Villager (Male) |
| 2:20 | Queue | Villager (Male) |
| 2:29 | Build | Palisade Wall |
| 2:57 | Queue | Villager (Male) |
| 3:13 | Build | Palisade Wall |
| 3:23 | Queue | Villager (Male) |
| 3:24 | Queue | Villager (Male) |
| 3:46 | Queue | Villager (Male) |
| 3:55 | Build | House |
| 3:56 | Build | House |
| 4:11 | Build | Palisade Wall |
| 4:13 | Build | Palisade Wall |
| 4:18 | Build | Palisade Wall |
| 4:25 | Queue | Villager (Male) |
| 4:36 | Queue | Villager (Male) |
| 4:57 | Queue | Villager (Male) |
| 4:58 | Queue | Villager (Male) |
| 5:00 | Build | Mill |
| 5:23 | Queue | Villager (Male) |
| 5:41 | Queue | Villager (Male) |
| 6:11 | Queue | Villager (Male) |
| 6:11 | Research | Loom |
| 6:34 | Build | Mining Camp |
| 8:00 | Research | Feudal Age |
| 9:14 | Queue | Villager (Male) |
| 9:31 | Build | House |
| 10:10 | Age | Feudal Age |
| 10:11 | Queue | Villager (Male) |
| 10:19 | Build | Watch Tower |
| 10:26 | Build | Watch Tower |
| 10:31 | Queue | Villager (Male) |
| 10:52 | Build | Farm |
| 10:53 | Build | Farm |
| 11:05 | Queue | Villager (Male) |
| 11:09 | Build | Farm |
| 11:24 | Queue | Villager (Male) |
| 11:27 | Build | Blacksmith |
| 11:31 | Build | Farm |
| 11:33 | Build | Farm |
| 11:39 | Queue | Villager (Male) |
| 11:46 | Build | Outpost |
| 11:55 | Queue | Villager (Male) |
| 12:00 | Build | Farm |
| 12:07 | Build | Outpost |
| 12:24 | Build | House |
| 12:36 | Build | Watch Tower |
| 12:42 | Queue | Villager (Male) |
| 12:51 | Queue | Villager (Male) |
| 12:56 | Build | Farm |
| 13:47 | Build | Watch Tower |
| 13:54 | Queue | Villager (Male) |
| 13:59 | Research | Fletching |
| 14:00 | Research | Double-Bit Axe |
| 14:01 | Queue | Villager (Male) |
| 14:31 | Queue | Villager (Male) |
| 15:08 | Queue | Villager (Male) |
| 15:14 | Build | House |
| 15:23 | Queue | Villager (Male) |
| 15:25 | Queue | Villager (Male) |
| 15:36 | Queue | Villager (Male) |
| 15:39 | Build | House |
| 16:10 | Queue | Villager (Male) |
| 16:12 | Build | Mining Camp |
| 16:17 | Build | Farm |
| 16:28 | Build | Barracks |
| 16:33 | Research | Horse Collar |
| 16:34 | Queue | Villager (Male) |
| 16:35 | Queue | Villager (Male) |
| 16:36 | Build | Farm |
| 16:41 | Research | Town Watch |
| 16:42 | Queue | Villager (Male) |
| 16:42 | Queue | Villager (Male) |
| 16:56 | Queue | Villager (Male) |
| 16:59 | Queue | Villager (Male) |
| 17:16 | Queue | Spearman |
| 17:16 | Queue | Spearman |
| 17:17 | Queue | Villager (Male) |
| 17:19 | Queue | Villager (Male) |
| 17:21 | Build | House |
| 17:56 | Queue | Spearman |
| 17:58 | Queue | Villager (Male) |
| 18:13 | Queue | Villager (Male) |
| 18:53 | Queue | Villager (Male) |
| 18:54 | Queue | Villager (Male) |
| 19:19 | Queue | Villager (Male) |
| 19:22 | Queue | Villager (Male) |
| 19:24 | Build | Farm |
| 20:22 | Queue | Spearman |
| 20:22 | Queue | Spearman |
| 20:27 | Queue | Spearman |
| 20:28 | Queue | Spearman |
| 20:59 | Build | Market |
| 21:20 | Build | House |
| 22:07 | Research | Castle Age |
| 22:45 | Queue | Villager (Male) |
| 23:00 | Build | Stable |
| 23:08 | Research | Forging |
| 23:08 | Queue | Villager (Male) |
| 23:14 | Build | Lumber Camp |
| 23:34 | Build | Watch Tower |
| 23:49 | Queue | Villager (Male) |
| 24:19 | Build | Lumber Camp |
| 24:28 | Queue | Scout Cavalry |
| 24:30 | Queue | Villager (Male) |
| 24:37 | Build | Lumber Camp |
| 24:37 | Queue | Villager (Male) |
| 24:47 | Age | Castle Age |
| 24:52 | Research | Bodkin Arrow |
| 24:52 | Queue | Villager (Male) |
| 24:57 | Build | University |
| 24:58 | Queue | Villager (Male) |
| 25:21 | Queue | Villager (Male) |
| 25:32 | Research | Guard Tower (upgrade) |
| 26:21 | Queue | Villager (Male) |
| 26:21 | Queue | Villager (Male) |
| 26:30 | Queue | Villager (Male) |
| 26:30 | Queue | Villager (Male) |
| 26:31 | Queue | Villager (Male) |
| 26:36 | Build | Monastery |
| 26:38 | Queue | Villager (Male) |
| 26:39 | Queue | Villager (Male) |
| 26:51 | Queue | Villager (Male) |
| 26:51 | Queue | Villager (Male) |
| 27:01 | Queue | Villager (Male) |
| 27:01 | Queue | Villager (Male) |
| 27:12 | Queue | Villager (Male) |
| 27:12 | Queue | Villager (Male) |
| 27:14 | Queue | Monk |
| 27:20 | Research | Wheelbarrow |
| 27:22 | Build | House |
| 27:30 | Build | Castle |
| 27:43 | Queue | Villager (Male) |
| 27:46 | Build | House |
| 27:48 | Queue | Villager (Male) |
| 28:00 | Queue | Villager (Male) |
| 28:11 | Queue | Villager (Male) |
| 28:15 | Queue | Monk |
| 28:27 | Queue | Villager (Male) |
| 28:27 | Queue | Villager (Male) |
| 28:29 | Build | Mining Camp |
| 28:30 | Queue | Villager (Male) |
| 29:02 | Queue | Villager (Male) |
Build order — Schlumpf
First 150 of 237 actions detected
| 0:01 | Queue | Villager (Male) |
| 0:01 | Queue | Villager (Male) |
| 0:04 | Build | House |
| 0:05 | Build | House |
| 0:30 | Queue | Villager (Male) |
| 0:31 | Queue | Villager (Male) |
| 1:24 | Queue | Villager (Male) |
| 1:24 | Queue | Villager (Male) |
| 1:54 | Queue | Villager (Male) |
| 1:54 | Queue | Villager (Male) |
| 1:59 | Queue | Villager (Male) |
| 1:59 | Queue | Villager (Male) |
| 2:26 | Queue | Villager (Male) |
| 2:26 | Queue | Villager (Male) |
| 2:31 | Build | Lumber Camp |
| 2:34 | Queue | Villager (Male) |
| 2:34 | Queue | Villager (Male) |
| 3:06 | Queue | Villager (Male) |
| 3:06 | Queue | Villager (Male) |
| 3:11 | Build | House |
| 3:12 | Build | House |
| 3:31 | Queue | Villager (Male) |
| 3:31 | Queue | Villager (Male) |
| 3:45 | Queue | Villager (Male) |
| 3:46 | Queue | Villager (Male) |
| 4:12 | Queue | Villager (Male) |
| 4:12 | Queue | Villager (Male) |
| 5:12 | Build | Mill |
| 5:37 | Queue | Villager (Male) |
| 5:37 | Queue | Villager (Male) |
| 6:21 | Queue | Villager (Male) |
| 6:49 | Queue | Villager (Male) |
| 6:53 | Build | Mill |
| 6:59 | Queue | Villager (Male) |
| 6:59 | Queue | Villager (Male) |
| 7:13 | Queue | Villager (Male) |
| 7:23 | Build | House |
| 7:33 | Queue | Villager (Male) |
| 7:33 | Queue | Villager (Male) |
| 8:06 | Build | Mining Camp |
| 8:25 | Research | Feudal Age |
| 8:29 | Queue | Villager (Male) |
| 8:33 | Research | Feudal Age |
| 8:54 | Build | Farm |
| 8:57 | Build | Farm |
| 9:10 | Queue | Villager (Male) |
| 9:11 | Queue | Villager (Male) |
| 9:44 | Build | Farm |
| 10:20 | Build | Barracks |
| 10:27 | Build | House |
| 10:44 | Queue | Villager (Male) |
| 10:55 | Build | House |
| 11:09 | Build | House |
| 11:21 | Age | Feudal Age |
| 11:28 | Build | Stable |
| 11:39 | Build | Blacksmith |
| 11:46 | Build | Stone Wall |
| 11:57 | Build | House |
| 12:25 | Research | Loom |
| 12:30 | Build | Watch Tower |
| 12:35 | Queue | Spearman |
| 12:37 | Queue | Scout Cavalry |
| 12:43 | Build | Farm |
| 12:44 | Build | Farm |
| 13:40 | Research | Castle Age |
| 15:36 | Queue | Villager (Male) |
| 15:36 | Queue | Villager (Male) |
| 15:48 | Build | Blacksmith |
| 16:20 | Age | Castle Age |
| 16:26 | Build | Siege Workshop |
| 16:44 | Build | Mining Camp |
| 16:47 | Queue | Knight |
| 16:54 | Queue | Mangonel |
| 16:59 | Queue | Villager (Male) |
| 17:04 | Research | Horse Collar |
| 17:07 | Research | Double-Bit Axe |
| 17:17 | Build | Farm |
| 17:24 | Queue | Villager (Male) |
| 17:28 | Queue | Knight |
| 17:54 | Queue | Mangonel |
| 17:55 | Queue | Villager (Male) |
| 17:55 | Queue | Villager (Male) |
| 18:05 | Queue | Villager (Male) |
| 18:05 | Queue | Villager (Male) |
| 19:06 | Build | Farm |
| 19:07 | Queue | Villager (Male) |
| 19:07 | Queue | Villager (Male) |
| 19:27 | Queue | Villager (Male) |
| 19:28 | Queue | Villager (Male) |
| 20:02 | Queue | Villager (Male) |
| 21:50 | Queue | Villager (Male) |
| 21:51 | Queue | Villager (Male) |
| 22:40 | Build | Castle |
| 23:13 | Build | Farm |
| 23:36 | Queue | Villager (Male) |
| 23:47 | Queue | Mangonel |
| 23:57 | Queue | Mangonel |
| 24:02 | Queue | Villager (Male) |
| 24:05 | Build | Farm |
| 24:28 | Queue | Villager (Male) |
| 24:29 | Queue | Villager (Male) |
| 24:33 | Build | Farm |
| 24:44 | Queue | Villager (Male) |
| 25:31 | Queue | Villager (Male) |
| 25:31 | Queue | Villager (Male) |
| 25:32 | Queue | Villager (Male) |
| 25:32 | Queue | Villager (Male) |
| 25:51 | Build | Town Center |
| 26:22 | Queue | Villager (Male) |
| 26:23 | Queue | Villager (Male) |
| 26:23 | Queue | Villager (Male) |
| 26:33 | Build | Farm |
| 26:35 | Build | Farm |
| 26:36 | Build | Farm |
| 26:37 | Queue | Villager (Male) |
| 26:38 | Queue | Villager (Male) |
| 26:56 | Build | Farm |
| 26:59 | Research | Fletching |
| 27:08 | Build | Farm |
| 27:12 | Queue | Villager (Male) |
| 27:17 | Build | Farm |
| 27:35 | Queue | Villager (Male) |
| 27:36 | Queue | Villager (Male) |
| 27:38 | Build | Farm |
| 27:40 | Build | Farm |
| 28:11 | Queue | Battering Ram |
| 28:11 | Queue | Villager (Male) |
| 28:11 | Queue | Villager (Male) |
| 28:15 | Queue | Longbowman |
| 28:15 | Queue | Longbowman |
| 28:21 | Queue | Villager (Male) |
| 28:50 | Queue | Battering Ram |
| 28:51 | Queue | Villager (Male) |
| 28:51 | Queue | Villager (Male) |
| 28:52 | Queue | Villager (Male) |
| 28:56 | Queue | Longbowman |
| 28:57 | Queue | Longbowman |
| 29:06 | Research | Bodkin Arrow |
| 29:21 | Queue | Battering Ram |
| 29:25 | Queue | Villager (Male) |
| 29:55 | Queue | Villager (Male) |
| 29:55 | Queue | Villager (Male) |
| 29:55 | Queue | Villager (Male) |
| 29:56 | Queue | Villager (Male) |
| 29:56 | Queue | Villager (Male) |
| 30:11 | Queue | Villager (Male) |
| 30:11 | Queue | Villager (Male) |
| 30:33 | Queue | Battering Ram |
| 30:34 | Queue | Villager (Male) |
| 30:34 | Queue | Villager (Male) |
Match timeline
| 2:29 | moneymickey · wall_segment Palisade Wall x12 |
| 3:13 | moneymickey · wall_segment Palisade Wall x1 |
| 4:11 | moneymickey · wall_segment Palisade Wall x1 |
| 4:13 | moneymickey · wall_segment Palisade Wall x1 |
| 4:18 | moneymickey · wall_segment Palisade Wall x1 |
| 10:10 | moneymickey · age_up feudal |
| 10:20 | Schlumpf · first_building Barracks |
| 11:21 | Schlumpf · age_up feudal |
| 11:28 | Schlumpf · first_building Stable |
| 11:46 | Schlumpf · wall_segment Stone Wall x6 |
| 16:20 | Schlumpf · age_up castle |
| 16:26 | Schlumpf · first_building Siege Workshop |
| 16:28 | moneymickey · first_building Barracks |
| 22:06 | moneymickey · first_market_buy 100 food |
| 22:40 | Schlumpf · first_building Castle |
| 23:00 | moneymickey · first_building Stable |
| 24:47 | moneymickey · age_up castle |
| 26:36 | moneymickey · first_building Monastery |
| 27:30 | moneymickey · first_building Castle |
| 29:49 | moneymickey · first_market_sell 100 wood |
| 30:14 | moneymickey · first_building Siege Workshop |
| 33:09 | moneymickey · age_up imperial |
| 33:25 | Schlumpf · first_market_sell 500 wood |
| 34:28 | moneymickey · wall_segment Stone Wall x1 |
| 34:36 | moneymickey · wall_segment Stone Wall x1 |
| 37:42 | Schlumpf · age_up imperial |
| 39:16 | Schlumpf · first_building Archery Range |
| 40:30 | moneymickey · wall_segment Stone Wall x1 |
| 40:32 | moneymickey · wall_segment Stone Wall x1 |
| 41:01 | Schlumpf · resign |
[ AI ANALYSIS · 1 CREDIT ]
What really happened in this match?
Wolo.gg analyzes every decision: build order, eco, micro, common mistakes by bracket. Personalized analysis on WhatsApp or Discord in 30 seconds.
Civ guide
Teutons
Perfil
Jugador #488095